 Dungeon Crawl Stone Soup version 0.19.1-1-g22dce08 (webtiles) character file.

32 Kiturien the Stinger (level 3, 0/21 HPs)
             Began as an Octopode Venom Mage on Jan 15, 2017.
             Succumbed to an adder's poison
             ... on level 2 of the Dungeon.
             The game lasted 00:04:55 (1173 turns).

Kiturien the Stinger (Octopode Venom Mage)          Turns: 1173, Time: 00:04:55

Health: 0/21       AC:  1    Str:  5 (7)  XL:     3   Next: 27%
Magic:  6/6        EV: 13    Int: 15 (18) God:
Gold:   33         SH:  0    Dex: 10 (12) Spells: 1 memorised, 5 levels left

rFire  . . .     SeeInvis .     b - +0 hand axe
rCold  . . .     Gourm    .     (no shield)
rNeg   . . .     Faith    .     (helmet restricted)
rPois  .         Spirit   .     (no amulet)
rElec  .         Reflect  .     (no ring)
rCorr  .         Harm     .     (no ring)
MR     .....                    (no ring)
Stlth  +++.......               (no ring)
                                (no ring)
                                (no ring)
                                (no ring)
                                (no ring)

@: lethally poisoned (0 -> -1)
A: almost no armour, stealthy swim, amphibious, 8 rings, constrict 8, camouflage
1, gelatinous body 1
a: no special abilities


You were on level 2 of the Dungeon.
You were very full.

You visited 1 branch of the dungeon, and saw 2 of its levels.

You collected 33 gold pieces.

Inventory:

Hand Weapons
 b - a +0 hand axe (weapon)
 i - a +0 dagger
Missiles
 j - 4 needles of sleeping
Scrolls
 h - a scroll of fear
Books
 a - a Young Poisoner's Handbook

   Spells                             Type                      Level
   a - Sting                          Conjuration/Poison           1
   b - Mephitic Cloud                 Conjuration/Poison/Air       3
   c - Olgreb's Toxic Radiance        Poison                       4
   d - Alistair's Intoxication        Transmutation/Poison         5
   e - Venom Bolt                     Conjuration/Poison           5


   Skills:
 + Level 0.2 Fighting
 + Level 2.2 Dodging
 + Level 2.8 Stealth
 + Level 0.2 Unarmed Combat
 + Level 2.0 Spellcasting
 + Level 0.2 Conjurations
 * Level 5.7 Poison Magic


You had 5 spell levels left.
You knew the following spells:

 Your Spells              Type           Power        Failure   Level  Hunger
a - Sting                 Conj/Pois      ##..         10%         1    #......


Dungeon Overview and Level Annotations

Branches:
Dungeon (2/15)

Altars:


Innate Abilities, Weirdness & Mutations

You cannot wear most types of armour.
You are very stealthy in the water. (Stealth+)
You are amphibious.
You can wear up to eight rings at the same time.
You can use your tentacles to constrict eight enemies at once.
Your skin changes colour to match your surroundings (Stealth+).
Your rubbery body absorbs attacks. (AC +1, EV +1)


Message History

Uppercase [Y]es or [N]o only, please.
Really abort (and waste the scroll)?
h - a scroll of fear
There is a lethal amount of poison in your body!
* * * LOW HITPOINT WARNING * * *
You feel sick.
You open the door.
There is an open door here.
A goblin comes into view.
* * * LOW HITPOINT WARNING * * *
You feel sick.
* * * LOW HITPOINT WARNING * * *
You feel sick.
The helpless goblin fails to defend itself.
You hit the goblin. Your grab misses the goblin.
The goblin is severely wounded.
The goblin hits you but does no damage.
You hit the goblin but do no damage. Your grab misses the goblin.
The goblin is severely wounded.
You die...

.........#.#
#......##.#######
+................
#....†.##........
#......'..#
#......##.#
#......#..#
#####'##.## #.##@#
#.##g# #.##..
#.##########
#...........
...####.........#
...............>..
.....###.........#
.................#


You could see a goblin.

Vanquished Creatures
  An adder (D:2)
  An ooze (D:1)
  3 goblins (D:1)
  4 hobgoblins (D:1)
  A kobold (D:1)
  3 bats (D:1)
  A frilled lizard (D:1)
  6 rats (D:1)
20 creatures vanquished.

Notes
Turn   | Place    | Note
-------+----------+-------------------------------------------
     0 | D:1      | Kiturien the Octopode Venom Mage began the quest for the Orb.
     0 | D:1      | Reached XP level 1. HP: 11/11 MP: 3/3
   179 | D:1      | Reached skill level 5 in Poison Magic
   276 | D:1      | Reached XP level 2. HP: 17/17 MP: 3/5
  1046 | D:1      | Reached XP level 3. HP: 19/21 MP: 6/6
  1170 | D:2      | HP: 1/21 [poisoned by an adder]
  1173 | D:2      | Succumbed to an adder's poison

Skill      XL: |  1 |
---------------+----+-----
Poison Magic   | 5 |  5.7
Fighting       | |  0.2
Dodging        | |  2.2
Stealth        | |  2.8
Unarmed Combat | |  0.2
Spellcasting   | |  2.0
Conjurations   | |  0.2

Action                   || total
-------------------------++-------
Melee: Unarmed           ||    14
       Constrict         ||     7
       Dagger            ||     6
       Tentacles         ||     4
       Hand axe          ||     6
 Cast: Sting             ||    23
  Use: Potion            ||     6
       Scroll            ||     2
 Stab: Sleeping          ||     1
  Eat: Bread ration      ||     2
Armor: Skin              ||     3
Dodge: Dodged            ||    15
